 Dungeon Crawl Stone Soup version 0.28-a0-178-ga708605c5b (webtiles) character file.

Game seed: 15724053472353157535

70511 voltaire321 the Nimble (level 15, -4/73 HPs)
             Began as a Merfolk Gladiator on Aug 16, 2021.
             Was a High Priest of Hepliaklqana.
             Slain by a tentacled monstrosity (5 damage)
             ... on level 2 of the Abyss on Aug 17, 2021.
             The game lasted 01:58:29 (33597 turns).

voltaire321 the Nimble (Merfolk Gladiator)         Turns: 33597, Time: 01:58:30

Health: -4/73      AC: 17    Str: 11    XL:     15   Next: 33%
Magic:  18/18      EV: 19    Int: 10    God:    Hepliaklqana [*****.]
Gold:   1642       SH: 13    Dex: 25    Spells: 19/22 levels left

rFire   . . .      SeeInvis .   r - +1 trident (protect)
rCold   + . .      Faith    .   z - +0 buckler
rNeg    . . .      Spirit   .   C - +7 ring mail of the Shore {Dex+4}
rPois   .          Reflect  +   c - +1 helmet
rElec   .          Harm     .   (no cloak)
rCorr   .          Rampage  .   m - +2 pair of gloves
Will    +....      Rnd*Rage +   k - +0 pair of boots Stlth +.........Rnd*Tele +
                                a - amulet "Heukh" {Reflect Int+2 Slay+2 SH+5}
HPRegen 0.22/turn               w - ring of protection from cold
MPRegen 0.16/turn               I - ring of wizardry

@: unable to read, on berserk cooldown, hasted and slowed, constricted, studying
Bows
A: reduced essence, (nimble swimmer 2), mertail, [berserk 3], [deformed body],
[deterioration 2], [frail 3], [low mp 2], [teleportitis 2], [weak 2], [inability
to read while threatened]
a: Renounce Religion, Recall Ancestor, Ancestor Identity, Transference, Idealise


You were on level 2 of the Abyss.
You worshipped Hepliaklqana.
Hepliaklqana was extremely pleased with you.
You visited 4 branches of the dungeon, and saw 22 of its levels.
You visited the Abyss 1 time.

You collected 2742 gold pieces.
You spent 1100 gold pieces at shops.

Inventory:

Hand Weapons
 g - a +4 trident
 r - a +1 trident of protection (weapon)
 B - a +1 trident of venom
Missiles
 d - 4 throwing nets
 u - 15 boomerangs
 y - 14 curare-tipped darts (quivered)
 A - 123 poisoned darts
Armour
 c - a +1 helmet (worn)
 k - a +0 pair of boots (worn)
 m - a +2 pair of gloves (worn)
 z - a +0 buckler (worn)
 C - the +7 ring mail of the Shore (worn) {Dex+4}
   (You found it on level 8 of the Dungeon)

   Dex:       It affects your dexterity (+4).
 K - the +0 leather armour of Shrieking Beauty {rPois Stlth+}
   (You found it on level 2 of the Lair of Beasts)

   rPois:     It protects you from poison.
   Stlth:     It makes you more stealthy.
 L - the +3 hat of Pondering {ponderous, Will+ MP+10 Int+5}
   (You took it off Gastronok on level 2 of the Lair of Beasts)

   Int:       It affects your intelligence (+5).
   MP:        It affects your magic capacity (+10).
   Will:      It increases your willpower.
Jewellery
 a - the amulet "Heukh" (around neck) {Reflect Int+2 Slay+2 SH+5}
   (You bought it in a shop on level 2 of the Orcish Mines)

   [amulet of reflection]

   It reflects blocked missile attacks.
   Int:       It affects your intelligence (+2).
   Slay:      It affects your accuracy & damage with ranged weapons and melee
   (+2).
   SH:        It affects your SH (+5).
 p - a ring of fire
 w - a ring of protection from cold (left hand)
 F - a ring of flight
 H - a ring of fire
 I - a ring of wizardry (right hand)
 Q - a ring of willpower
Wands
 s - a wand of charming (12)
 G - a wand of flame (56)
 M - a wand of iceblast (9)
 N - a wand of paralysis (5)
Scrolls
 b - 4 scrolls of teleportation
 e - 4 scrolls of amnesia
 l - 2 scrolls of fog
 n - 4 scrolls of identify
 v - a scroll of holy word
 J - 2 scrolls of summoning
 O - a scroll of fear
 P - a scroll of magic mapping
Potions
 f - a potion of berserk rage
 i - 4 potions of curing
 j - 6 potions of lignification
 o - 2 potions of invisibility
 q - 4 potions of mutation
 t - 4 potions of cancellation
 x - 4 potions of brilliance
 D - a potion of resistance
 E - a potion of flight
 R - a potion of might
 S - a potion of ambrosia


   Skills:
 + Level 12.6 Fighting
 - Level 14.0 Polearms
 - Level 2.0 Throwing
 - Level 5.0 Armour
 + Level 14.8 Dodging
 + Level 11.4 Shields
 - Level 4.0 Spellcasting
 - Level 10.0 Summonings
 - Level 10.0 Invocations


You had 19 spell levels left.
You knew the following spells:

 Your Spells              Type           Power      Damage    Failure   Level
a - Call Canine Familiar  Summ           22%        N/A       1%          3

Your spell library contained the following spells:

 Spells                   Type           Power      Damage    Failure   Level
 Summon Small Mammal      Summ           88%        N/A       1%          1
 Summon Guardian Golem    Hex/Summ       12%        N/A       9%          3
 Corona                   Hex            2%         N/A       22%         1
 Foxfire                  Conj/Fire      8%         2x1d4     22%         1
 Ensorcelled Hibernation  Hex/Ice        4%         N/A       32%         2
 Slow                     Hex            2%         N/A       32%         2
 Static Discharge         Conj/Air       2%         N/A       32%         2
 Confusing Touch          Hex            2%         N/A       52%         3
 Conjure Flame            Conj/Fire      2%         6-21      52%         3
 Gell's Gravitas          Tloc           1%         N/A       52%         3
 Ignite Poison            Fire/Tmut/Pois 2%         N/A       52%         3
 Inner Flame              Hex/Fire       2%         N/A       52%         3
 Teleport Other           Tloc           2%         N/A       52%         3
 Tukima's Dance           Hex            2%         N/A       52%         3
 Vampiric Draining        Necr           1%         2d6       52%         3
 Dispel Undead            Necr           2%         3d7       89%         4
 Leda's Liquefaction      Hex/Erth       1%         N/A       89%         4
 Sticky Flame             Conj/Fire      2%         2d3       89%         4
 Alistair's Intoxication  Tmut/Pois      1%         N/A       99%         5
 Bolt of Magma            Conj/Fire/Erth 1%         4d4       99%         5
 Borgnjor's Vile Clutch   Necr/Erth      1%         N/A       99%         5
 Fireball                 Conj/Fire      1%         3d3       99%         5
 Iskenderun's Battlesphe  Conj           2%         2d6       99%         5
 Conjure Ball Lightning   Conj/Air       1%         3x3d6     100%        6
 Dispersal                Tloc           1%         N/A       100%        6
 Eringya's Noxious Bog    Tmut/Pois      1%         N/A       100%        6
 Invisibility             Hex            1%         N/A       100%        6
 Statue Form              Tmut/Erth      1%         N/A       100%        6
 Haunt                    Necr/Summ      6%         N/A       100%        7
 Orb of Destruction       Conj           1%         N/A       100%        7


Dungeon Overview and Level Annotations

Branches:
Dungeon (13/15)            Temple (1/1) D:7            Lair (6/6) D:8
 Shoals (0/4) Lair:2       Spider (0/4) Lair:3        Slime (0/5) Lair:5
    Orc (2/2) D:10            Elf (0/3) Orc:2        Vaults (0/5) D:13

Altars:
Ashenzari
Cheibriados
Dithmenos
Elyvilon
Fedhas
Gozag
Hepliaklqana
Kikubaaqudgha
Makhleb
Nemelex Xobeh
Okawaru
Qazlal
Ru
Sif Muna
Trog
Uskayaw
Vehumet
Wu Jian
Xom
Yredelemnul
Zin
The Shining One
Beogh
Jiyva

Shops:
D:6 !   D:7 :[:(   D:8 =   D:9 ![   Orc:2 =*:**

Annotations:
Lair:3 3 runed translucent doors, Veysay's ghost, journeyman DjWz
Lair:4 1 runed translucent door, exclusion: 2 oklob plants, Phlounder's ghost, journeyman DjCj


Innate Abilities, Weirdness & Mutations

Your life essence is reduced to manifest your ancestor. (-10% HP)
((You are quick and stealthy near water. (Stealth+, EV+, Speed+++)))
Your lower body shifts to a powerful aquatic tail in water.
[You have an uncontrollable temper.]
[Armour fits poorly on your strangely shaped body.]
[Your body often deteriorates upon taking damage.]
[You are extremely frail. (-30% HP)]
[Your magical capacity is very low. (-20% MP)]
[You are sometimes teleported next to monsters.]
[You are very weak. (Str -4)]
[You sometimes lose the ability to read scrolls when taking damage.]


Message History

The tentacled monstrosity closely misses you.
You block the spatial maelstrom's attack. x2
You see here 15 arrows.
A red very ugly thing comes into view.
A thrashing horror comes into view.
You block the tentacled monstrosity's attack.
The tentacled monstrosity tentacle-slaps you.
You block the tentacled monstrosity's attack.
The tentacled monstrosity grabs you.
The tentacled monstrosity constricts you!
* * * LOW HITPOINT WARNING * * *
A small abomination comes into view.
The red very ugly thing moves out of view.
You feel yourself speed up.
You block the spatial maelstrom's attack. x2
The tentacled monstrosity completely misses you.
The tentacled monstrosity tentacle-slaps you but does no damage.
You block the tentacled monstrosity's attack.
The tentacled monstrosity constricts you!
* * * LOW HITPOINT WARNING * * *
A shadow comes into view.
The tentacled monstrosity's grasp on you weakens, but your attempt to escape fails.
The spatial maelstrom completely misses you.
You block the spatial maelstrom's attack.
You block the tentacled monstrosity's attack.
The tentacled monstrosity barely misses you.
You block the tentacled monstrosity's attack.
The tentacled monstrosity constricts you.
* * * LOW HITPOINT WARNING * * *
Okay, then.
You feel better. The thrashing horror tramples you.
* * * LOW HITPOINT WARNING * * *
You are held in place!
You block the thrashing horror's attack.
The spatial maelstrom misses you. The spatial maelstrom hits you!
* * * LOW HITPOINT WARNING * * *
Space bends around you.
* * * LOW HITPOINT WARNING * * *
You block the tentacled monstrosity's attack.
The tentacled monstrosity tentacle-slaps you.
You die...

#..... ..W. #.....##
...# ##...#..##... #
###.......#... .# .
.##......#..#..##
...................
..........X........
..........v@.....#
#.........X.X#..... #
#................
#...##...............
#.. .#.......#...##..
....+........##.#. .
.)v#............#
#.......#.[.....
#.......##...##.


You could see a tentacled monstrosity, a spatial maelstrom, a thrashing horror,
a large abomination and a shadow.

Vanquished Creatures
  Gastronok (Lair:2)
  A fire dragon (Lair:6)
  2 hydras
  A catoblepas (D:8)
  A two-headed ogre (D:11)
  A centaur warrior (D:8)
  8 death yaks
  A wretched star (Abyss:2)
  A wizard (D:12)
  A lindwurm (Lair:6)
  An orc knight (Orc:2)
  A necromancer (D:13)
  A deep elf zephyrmancer (D:12)
  An orc sorcerer (Orc:1)
  A manticore (D:9)
  A cyclops (D:11)
  7 elephants
  9 black mambas
  Joseph (D:8)
  4 cane toads
  3 molten gargoyles (Lair:6)
  2 rime drakes
  A gargoyle (D:9)
  A kobold demonologist (D:11)
  6 komodo dragons
  A red devil (Abyss:2)
  3 trolls
  4 polar bears
  3 hornets
  13 blink frogs
  4 dream sheep (Lair:6)
  A redback (Lair:3)
  9 wyverns
  A ynoxinul (Abyss:2)
  2 shadows
  Grum (D:8)
  A wraith (D:9)
  44 yaks
  Menkaure (D:5)
  3 vampire mosquitoes
  2 steam dragons
  Duvessa (D:4)
  13 water moccasins
  2 hell hounds (Lair:6)
  A sky beast (D:6)
  An ice beast (D:5)
  2 small abominations (Abyss:2)
  5 black bears
  A hornet zombie (D:9)
  26 orc warriors
  7 wolves
  7 ogres
  8 necrophages
  18 centaurs
  15 kobold brigands
  11 bullfrogs
  A gnoll sergeant (D:9)
  2 wyvern skeletons (D:7)
  Dowan (D:4)
  6 killer bees
  12 wights
  6 howler monkeys
  5 electric eels
  3 lava snakes (Lair:6)
  A bullfrog zombie (D:5)
  2 centaur zombies
  3 hounds
  A quasit (Abyss:2)
  4 bullfrog skeletons
  A gnoll shaman (Orc:1)
  13 orc priests
  2 iguanas
  An iron imp (D:10)
  20 orc wizards
  Natasha (twice) (D:4)
  4 ogre zombies (D:10)
  A hound zombie (D:5)
  A mummy (D:8)
  3 howler monkey zombies
  8 gnolls
  9 adders
  2 shadow imps
  A white imp (D:7)
  2 ufetubi
  A worm (D:2)
  58 orcs
  13 ball pythons
  7 bats
  7 endoplasms
  2 giant cockroaches (D:1)
  10 hobgoblins
  14 jackals
  26 kobolds
  5 quokkas
  5 frilled lizards
  10 goblins
  A goblin zombie (D:10)
  A hobgoblin skeleton (D:10)
  A hobgoblin zombie (D:10)
  3 orc zombies (D:10)
  8 rats
558 creatures vanquished.

Vanquished Creatures (collateral kills)
  A hydra (Lair:4)
  A catoblepas (Lair:5)
  A two-headed ogre (D:11)
  2 death yaks
  Sonja (Lair:5)
  A necromancer (D:13)
  An orc knight (Orc:1)
  8 elephants
  3 black mambas
  2 cane toads (Lair:2)
  3 rime drakes
  An unseen horror (D:12)
  3 komodo dragons
  A troll (D:13)
  A polar bear (Lair:4)
  A snapping turtle (Lair:2)
  3 dream sheep (Lair:6)
  6 blink frogs
  2 wyverns
  A water elemental (D:11)
  3 basilisks
  16 yaks
  2 steam dragons (Lair:6)
  A warg (Orc:1)
  3 water moccasins
  2 hell hounds (Lair:6)
  17 orc warriors
  A black bear (Lair:5)
  A wolf (Lair:1)
  7 kobold brigands (D:11)
  4 centaurs (Orc:2)
  A phantom (D:10)
  A bullfrog (Lair:4)
  A lava snake (Lair:6)
  An orc priest (D:11)
  3 orc wizards
  4 ogre zombies (D:10)
  4 gnolls (Orc:1)
  A nameless horror (D:10)
  11 orcs
  3 goblin zombies (D:10)
  2 hobgoblin zombies (D:10)
  3 kobolds (D:10)
  4 orc skeletons (D:10)
  10 orc zombies (D:10)
149 creatures vanquished.

Vanquished Creatures (others)
  A kobold brigand (D:11)
  18 hexers
  A bush (Lair:6)
  32 fungi
  31 plants
  8 withered plants (D:9)
91 creatures vanquished.

Grand Total: 798 creatures vanquished

Notes
Turn   | Place    | Note
-------+----------+-------------------------------------------
     0 | D:1      | voltaire321 the Merfolk Gladiator began the quest for the
                  | Orb.
     0 | D:1      | Reached XP level 1. HP: 16/16 MP: 1/1
   281 | D:1      | Reached XP level 2. HP: 23/23 MP: 2/2
   672 | D:1      | Reached XP level 3. HP: 28/28 MP: 3/3
  1413 | D:2      | Reached skill level 1 in Spellcasting
  1449 | D:2      | Reached XP level 4. HP: 34/34 MP: 5/5
  1465 | D:2      | Reached skill level 5 in Polearms
  1465 | D:2      | Reached skill level 1 in Summonings
  1584 | D:2      | Reached skill level 1 in Shields
  2327 | D:3      | Reached skill level 1 in Armour
  2653 | D:3      | Reached XP level 5. HP: 25/40 MP: 6/6
  2654 | D:3      | Noticed a black bear
  2700 | D:3      | Found a broken altar of Ashenzari.
  3122 | D:3      | Noticed an ogre
  3228 | D:3      | Killed an ogre
  3229 | D:3      | Reached XP level 6. HP: 32/47 MP: 8/8
  3364 | D:3      | Killed a black bear
  3365 | D:3      | Reached skill level 5 in Dodging
  3956 | D:4      | Noticed Duvessa
  4348 | D:4      | Noticed Dowan
  4360 | D:4      | Killed Dowan
  4361 | D:4      | Reached XP level 7. HP: 38/52 MP: 10/10
  4363 | D:4      | Killed Duvessa
  4609 | D:4      | Noticed Natasha
  4623 | D:4      | Killed Natasha
  4629 | D:4      | Noticed Natasha
  4641 | D:4      | Killed Natasha
  5180 | D:5      | Entered Level 5 of the Dungeon
  5346 | D:5      | Reached XP level 8. HP: 55/61 MP: 11/11
  5787 | D:5      | Noticed Menkaure
  5796 | D:5      | Killed Menkaure
  6469 | D:5      | Reached skill level 5 in Fighting
  6759 | D:6      | Found Farefev's Distillery.
  6766 | D:6      | Bought a potion of might for 52 gold pieces
  6766 | D:6      | Bought a potion of berserk rage for 65 gold pieces
  6766 | D:6      | Bought a potion of lignification for 39 gold pieces
  6801 | D:6      | Reached XP level 9. HP: 40/68 MP: 12/12
  8098 | D:7      | Found Xump's Antique Weapon Emporium.
  8249 | D:7      | Found Madghisad's Book Emporium.
  8291 | D:7      | Reached skill level 5 in Shields
  8671 | D:7      | You fall into a shaft and drop 2 floors!
  8671 | D:9      | Found Siukibaph's Distillery.
  8686 | D:8      | Found Vihav's Jewellery Shop.
  8906 | D:7      | Reached XP level 10. HP: 70/77 MP: 13/13
  8960 | D:7      | Found Cethryt's Book Shoppe.
  9172 | D:7      | Found a staircase to the Ecumenical Temple.
  9187 | D:7      | Found Weshromism's Antique Armour Shoppe.
  9612 | Temple   | Entered the Ecumenical Temple
  9617 | Temple   | Became a worshipper of Hepliaklqana the Forgotten
 10377 | D:7      | Reached skill level 1 in Invocations
 10762 | D:8      | Noticed Joseph
 10776 | D:8      | Killed Joseph
 10815 | D:8      | Reached skill level 10 in Polearms
 11264 | D:8      | Found an ancient bone altar of Kikubaaqudgha.
 11264 | D:8      | Found a stormy altar of Qazlal.
 11272 | D:8      | Found a blossoming altar of Fedhas.
 11274 | D:8      | Found a glowing golden altar of the Shining One.
 11283 | D:8      | Found a faded altar of an unknown god.
 11368 | D:8      | Noticed Grum
 11402 | D:8      | Killed Grum
 11793 | D:8      | Identified the +7 ring mail of the Shore {Dex+4}
 11869 | D:8      | Noticed a catoblepas
 11879 | D:8      | Reached skill level 5 in Armour
 11903 | D:8      | Killed a catoblepas
 11904 | D:8      | Reached XP level 11. HP: 18/86 MP: 14/14
 12300 | D:8      | Reached skill level 10 in Dodging
 12438 | D:8      | Found a staircase to the Lair.
 12695 | D:9      | Noticed a centaur warrior
 12928 | D:8      | Killed a centaur warrior
 13063 | D:9      | Noticed a manticore
 13311 | D:9      | Killed a manticore
 14074 | D:9      | Reached skill level 5 in Invocations
 14537 | D:9      | Found an opulent altar of Gozag.
 14600 | D:9      | Reached skill level 5 in Summonings
 14975 | D:9      | Paralysed by a hornet for 3 turns
 14982 | D:9      | Paralysed by a hornet for 3 turns
 15168 | D:9      | Noticed a green ugly thing
 15346 | D:9      | Found Laimpup's Armour Shoppe.
 15390 | D:9      | Reached * piety under Hepliaklqana
 15705 | D:9      | Identified a scroll of acquirement
 15705 | D:9      | Acquired 621 gold pieces
 15964 | D:7      | Bought a book of Callings for 200 gold pieces
 15968 | D:7      | Learned a level 3 spell: Call Canine Familiar
 16138 | D:10     | Entered Level 10 of the Dungeon
 16393 | D:10     | Found a staircase to the Orcish Mines.
 16871 | D:10     | Found a snail-covered altar of Cheibriados.
 17267 | Lair:1   | Entered Level 1 of the Lair of Beasts
 17317 | Lair:1   | Found a snail-covered altar of Cheibriados.
 17334 | Lair:1   | Reached XP level 12. HP: 84/85 MP: 16/16
 17626 | Lair:1   | Reached ** piety under Hepliaklqana
 17627 | Lair:1   | Remembered your ancestor Nebetia as a hexer
 19131 | Lair:2   | Identified the +0 leather armour of Shrieking Beauty {rPois
                  | Stlth+}
 19270 | Lair:2   | Noticed Gastronok
 19326 | Lair:2   | Killed Gastronok
 19560 | Lair:2   | Reached XP level 13. HP: 91/92 MP: 19/19
 19673 | Lair:2   | Reached skill level 10 in Fighting
 19852 | Lair:2   | Found a staircase to the Shoals.
 20250 | Lair:3   | Reached *** piety under Hepliaklqana
 20901 | Lair:3   | Found a runed translucent gate.
 20901 | Lair:3   | Found a runed translucent gate.
 20903 | Lair:3   | Found a runed translucent gate.
 20906 | Lair:3   | Noticed Veysay's ghost (journeyman DjWz)
 20955 | Lair:3   | Found a hole to the Spider Nest.
 21750 | Lair:4   | Found a blossoming altar of Fedhas.
 23078 | Lair:4   | Reached **** piety under Hepliaklqana
 23470 | Lair:4   | Upgraded the game from 0.28-a0-172-g787e458d71 to
                  | 0.28-a0-178-ga708605c5b
 23556 | Lair:4   | Found a runed translucent door.
 23564 | Lair:4   | Noticed a dire elephant
 23564 | Lair:4   | Noticed Phlounder's ghost (journeyman DjCj)
 23861 | Lair:5   | Reached XP level 14. HP: 69/99 MP: 17/20
 24163 | Lair:5   | Reached skill level 10 in Shields
 24175 | Lair:5   | Found a staircase to the Slime Pits.
 24175 | Lair:5   | Found a viscous altar of Jiyva.
 24181 | Lair:5   | Identified the +1 hand axe of Infinity {holy, *Rage Str+2
                  | Dex+4}
 24248 | Lair:5   | Noticed Sonja
 24256 | Lair:5   | Killed Sonja
 25181 | Lair:6   | Entered Level 6 of the Lair of Beasts
 26731 | Lair:6   | Found a large runed translucent door.
 26731 | Lair:6   | Found a large runed translucent door.
 27014 | Lair:6   | Got the Disquisition on Bewitching Calling
 27810 | Lair:6   | Reached ***** piety under Hepliaklqana
 27838 | Lair:6   | Identified the amulet "Rympek" {RegenMP Int+5}
 28357 | Orc:1    | Entered Level 1 of the Orcish Mines
 29171 | Orc:1    | Reached skill level 10 in Invocations
 29307 | Orc:2    | Entered Level 2 of the Orcish Mines
 29464 | Orc:2    | Found Jiankew's Assorted Antiques.
 29500 | Orc:2    | Paralysed by an orc sorcerer for 3 turns
 30370 | Orc:2    | Reached XP level 15. HP: 80/108 MP: 22/22
 30597 | Orc:2    | Found a staircase to the Elven Halls.
 30928 | Orc:2    | Found Tigaesh's Book Boutique.
 30928 | Orc:2    | Found Ihukig's General Store.
 31094 | Orc:2    | Found Tobituse's Jewellery Emporium.
 31100 | Orc:2    | Found Ruytyr's Assorted Antiques.
 31260 | Orc:2    | Bought the amulet "Heukh" {Reflect Int+2 Slay+2 SH+5} for
                  | 744 gold pieces
 33171 | D:13     | Reached skill level 10 in Summonings
 33427 | D:13     | Found a gate to the Vaults.
 33504 | D:12     | Cast into level 2 of the Abyss (a wizard)
 33582 | Abyss:2  | Noticed a tentacled monstrosity
 33597 | Abyss:2  | HP: 1/73 [spatial maelstrom (5)]
 33597 | Abyss:2  | Slain by a tentacled monstrosity

Illustrated notes

Levels and vault maps discovered:
D:1:      dpeg_arrival_ternary, layout_loops_corners
D:2:      layout_loops_ring, st_stairs_4
D:3:      layout_loops_ring, lemuel_round_altar, chequers_mini_garden
D:4:      cheibrodos_quashed, layout_loops_ring, hangedman_decor_lopped,
          uniq_natasha, uniq_duvessa
D:5:      layout_cave_pools, hangedman_decor_clover_reticule, uniq_menkaure
D:6:      layout_loops_cross, serial_shops, shop, nicolae_sextant,
          minmay_manual_moon
D:7:      cheibrodos_helix_gallery, layout_cave_pools,
          minmay_temple_entry_statues_pillars, serial_shops, kennysheep_mini,
          nicolae_shop_waterfront, nicolae_stop_n_shop_2, shop
D:8:      cheibrodos_barr_body, layout_rooms,
          chequers_temple_overflow_minitemple, lair_entry_dummy, serial_shops,
          nicolae_stop_n_shop_1, uniq_grum, uniq_joseph
D:9:      cheibrodos_ideogram_h, layout_stronghold,
          nicolae_gozag_cash_rules_everything_around_me, serial_undead,
          serial_undead_a, serial_undead_e, serial_undead_b, serial_undead_c,
          serial_undead_b, serial_undead_a, serial_undead_d, serial_shops,
          nicolae_shop_temple_entry_statues_fountains, nicolae_shop_statue_plus
D:10:     cheibrodos_elevator_heist, layout_loops_ring, chei_slow_surprise,
          zombieorc2_lemuel
D:11:     layout_roguey [special_room_kobold], serial_bayou_pond_b,
          patterned_corridor
D:12:     minmay_tri_stars, layout_rooms, serial_bayou, serial_bayou_shore_a,
          serial_bayou_lagoon_a, serial_bayou_lagoon_b, serial_bayou_crossing,
          minivault_23, minivault_19
D:13:     layout_rooms, david_vaults_1, uniq_josephine
Temple:   minmay_freezing_vapour_temple
Lair:1:   statuecave_lemuel, layout_long_grid, lemuel_centaur_altar
Lair:2:   layout_loops_ring, minmay_shoals_entry_hut,
          chequers_serial_rivers_micro_e, uniq_gastronok
Lair:3:   layout_concentric_octagons, spider_nest_entry_rubble,
          ebering_ghost_rock_garden, lemuel_fruit_fields, lemuel_fruit_tree
Lair:4:   layout_regular_city, ebering_ghost_inner_flame, hangedman_tree_tricks
Lair:5:   layout_cave_shapes, slime_altar_1, gammafunk_lair_bear_cave,
          uniq_sonja
Lair:6:   cheibrodos_lair_end_hotspot, layout_small_grid, serial_bayou_shore_b
Orc:1:    nicolae_orc_accident_2, layout_caves, mines1_david
Orc:2:    st_orc_rangers, layout_caves, serial_shops, shop
Abyss:2:  base:
Lair:4

Skill      XL: |  1  2  3  4  5  6  7  8  9 10 11 12 13 14 15 |
---------------+----------------------------------------------+-----
Spellcasting   | 1 2 4 |  4.0
Polearms       | 5 6 7 9 10 11 12 14 | 14.0
Summonings     | 1 2 3 4 5 6 8 9 10 | 10.0
Shields        | 1 2 3 4 5 6 7 8 9 10 11 | 11.4
Armour         | 1 2 3 4 5 |  5.0
Fighting       | 3 4 5 6 7 9 10 12 | 12.6
Dodging        | 5 7 8 9 10 11 13 14 | 14.8
Invocations    | 3 5 7 8 10 | 10.0
Throwing       | |  2.0

Action                   |  1- 3 |  4- 6 |  7- 9 | 10-12 | 13-15 || total
-------------------------+-------+-------+-------+-------+-------++-------
Melee: Trident           |   124 |   220 |   426 |  1318 |  1803 ||  3891
       Tailslap          |       |       |       |     5 |       ||     5
Throw: Boomerang         |       |       |     8 |    19 |       ||    27
       Dart              |       |       |    12 |     7 |    14 ||    33
       Throwing net      |       |       |     1 |       |       ||     1
 Cast: Call Canine Famil |       |       |       |    13 |    59 ||    72
Invok: Ancestor Life: He |       |       |       |     1 |       ||     1
       Recall Ancestor   |       |       |       |       |     3 ||     3
  Use: Scroll            |       |    10 |     1 |    12 |    12 ||    35
       Potion            |       |     1 |     1 |     6 |     5 ||    13
 Stab: Sleeping          |     2 |     2 |     1 |       |       ||     5
       Distracted        |       |       |       |    12 |    39 ||    51
       Confused          |       |       |       |    12 |    43 ||    55
       Paralysed         |       |       |       |       |    12 ||    12
Armor: Leather armour    |    26 |    11 |       |       |       ||    37
       Ring mail         |       |    51 |   179 |   422 |   382 ||  1034
Dodge: Dodged            |    78 |   114 |   345 |  1030 |  1137 ||  2704
Block: Buckler           |       |       |       |    68 |   602 ||   670
       Reflection        |       |       |       |       |     9 ||     9

Table legend: (Time is in decaauts)
 A = Elapsed time spent in this place.
 B = Non-inter-level travel time spent in this place.
 C = Inter-level travel time spent in this place.
 D = Time resting spent in this place.
 E = Time spent auto-exploring this place.
 F = Levels seen in this place.
 G = Mean time per level.
                   A        B        C        D        E       F      G
               +--------+--------+--------+--------+--------+-----+--------+
         Total |  32526 |  31186 |   1340 |  12815 |  10725 |  23 | 1414.2 |
       Dungeon |  19212 |  18488 |    724 |   7935 |   6154 |  13 | 1477.8 |
        Temple |     10 |     10 |      0 |      0 |      0 |   1 |   10.0 |
          Lair |  10411 |  10200 |    211 |   4149 |   3764 |   6 | 1735.2 |
  Orcish Mines |   2805 |   2401 |    404 |    731 |    807 |   2 | 1402.5 |
         Abyss |     86 |     86 |      0 |      0 |      0 |   1 |   86.0 |
               +--------+--------+--------+--------+--------+-----+--------+

Top non-repeatable levels by time:
     D:7: 2984 daAuts
  Lair:6: 2815 daAuts
     D:9: 2565 daAuts
     D:8: 2404 daAuts
  Lair:3: 1939 daAuts
     D:3: 1761 daAuts
  Lair:4: 1662 daAuts
     D:5: 1504 daAuts
   Orc:1: 1490 daAuts
  Lair:2: 1408 daAuts
  Lair:5: 1367 daAuts
    D:11: 1351 daAuts
     D:1: 1345 daAuts
     D:6: 1323 daAuts
   Orc:2: 1315 daAuts
